 Dungeon Crawl Stone Soup version 0.29-a0-72-g1732ff48e7 (webtiles) character file.

Game seed: 11488020382289823409

166315 shoop the Phalangite (level 17, -9/139 HPs)
             Began as a Merfolk Gladiator on Feb 1, 2022.
             Was the Champion of the Shining One.
             Shot with an arrow by a deep elf knight (11 damage)
             ... on level 2 of the Elven Halls on Feb 3, 2022.
             The game lasted 01:42:55 (40434 turns).

shoop the Phalangite (Merfolk Gladiator)           Turns: 40434, Time: 01:42:56

Health: -9/139     AC: 31    Str: 15    XL:     17   Next: 90%
Magic:  0/27       EV: 14    Int: 12    God:    the Shining One [******]
Gold:   2592       SH: 11    Dex: 22    Spells: 16/16 levels left

rFire   . . .      SeeInvis .   W - +3 glaive (vorpal)
rCold   . . .      Faith    .   (shield currently unavailable)
rNeg    + + +      Spirit   +   m - +18 Lear's hauberk
rPois   .          Reflect  .   (helmet currently unavailable)
rElec   .          Harm     .   t - +2 cloak
rCorr   .          Rampage  .   (gloves currently unavailable)
Will    ++...                   (boots currently unavailable)
Stlth   ..........              V - amulet of guardian spirit
HPRegen 0.33/turn               T - +6 ring of dexterity
MPRegen 0.20/turn               a - ring of willpower

@: divinely shielded, glowing
A: (nimble swimmer 2), mertail, claws 1, dopey 1, frail 1, wild magic 1
a: Renounce Religion, Divine Shield, Cleansing Flame, Summon Divine Warrior,
Brand Weapon With Holy Wrath


You were on level 2 of the Elven Halls.
You worshipped the Shining One.
The Shining One was exalted by your worship.
You visited 5 branches of the dungeon, and saw 26 of its levels.
You visited the Abyss 1 time.
You also visited: Sewer, Bailey and Gauntlet.

You collected 2637 gold pieces.
You spent 45 gold pieces at shops.

Inventory:

Hand Weapons
 W - a +3 vorpal glaive (weapon)
Missiles
 d - 11 throwing nets (quivered)
 U - 5 boomerangs of dispersal
 Z - 11 javelins
Armour
 m - the +18 Lear's hauberk (worn)
   (You took it off a hobgoblin on level 2 of the Dungeon)
 t - a +2 cloak (worn)
Jewellery
 a - a ring of willpower (right claw)
 c - the ring "Wykhy" {Fly rC++}
   (You acquired it in a bailey)

   [ring of flight]

   rC:        It greatly protects you from cold.
   Fly:       It grants you flight.
 l - a +4 ring of slaying
 r - a +6 ring of intelligence
 x - a ring of see invisible
 A - a +6 ring of intelligence
 G - a ring of wizardry
 I - an amulet of magic regeneration
 J - a +4 ring of slaying
 T - a +6 ring of dexterity (left claw)
 V - an amulet of guardian spirit (around neck)
Wands
 j - a wand of paralysis (10)
 y - a wand of flame (14)
 F - a wand of acid (17)
 H - a wand of digging (4)
 K - a wand of iceblast (4)
 L - a wand of mindburst (7)
 X - a wand of charming (6)
Scrolls
 e - 4 scrolls of enchant armour
 f - 3 scrolls of fear
 g - 16 scrolls of teleportation
 k - 3 scrolls of blinking
 p - a scroll of acquirement
 q - 4 scrolls of amnesia
 u - 11 scrolls of immolation
 B - 2 scrolls of identify
 D - 3 scrolls of magic mapping
 S - a scroll of summoning
Potions
 b - 2 potions of brilliance
 h - 3 potions of lignification
 i - a potion of ambrosia
 n - 4 potions of cancellation
 o - 3 potions of might
 s - 4 potions of mutation
 v - 4 potions of curing
 w - 3 potions of invisibility
 z - 4 potions of magic
 C - 3 potions of resistance
 E - 2 potions of haste
 Q - 4 potions of heal wounds
 R - a potion of berserk rage
 Y - 2 potions of attraction


   Skills:
 - Level 20.0 Fighting
 + Level 24.9 Polearms
 - Level 2.0 Throwing
 - Level 5.0 Armour
 - Level 15.0 Dodging
 - Level 14.0 Invocations
 - Level 6.0 Evocations


You had 16 spell levels left.
You didn't know any spells.
Your spell library contained the following spells:

 Spells                   Type           Power      Damage    Failure   Level
 Foxfire                  Conj/Fire      0%         2x1d4     100%        1
 Pain                     Necr           0%         1d4       100%        1
 Shock                    Conj/Air       0%         1d3       100%        1
 Blink                    Tloc           0%         N/A       100%        2
 Conjure Flame            Conj/Fire      0%         6-21      100%        3
 Dazzling Flash           Conj/Hex       0%         N/A       100%        3
 Gell's Gravitas          Tloc           0%         N/A       100%        3
 Inner Flame              Hex/Fire       0%         N/A       100%        3
 Ozocubu's Armour         Ice            0%         N/A       100%        3
 Portal Projectile        Hex/Tloc       0%         N/A       100%        3
 Stone Arrow              Conj/Erth      0%         3d7       100%        3
 Swiftness                Air            0%         N/A       100%        3
 Teleport Other           Tloc           0%         N/A       100%        3
 Airstrike                Air            0%         N/A       100%        4
 Animate Armour           Summ/Erth      0%         N/A       100%        4
 Flame Wave               Conj/Fire      0%         2d4       100%        4
 Iskenderun's Mystic Bla  Conj/Tloc      0%         2d3       100%        4
 Leda's Liquefaction      Hex/Erth       0%         N/A       100%        4
 Agony                    Necr           0%         N/A       100%        5
 Excruciating Wounds      Necr           0%         N/A       100%        5
 Lee's Rapid Deconstruct  Erth           0%         3d5*      100%        5
 Metabolic Englaciation   Hex/Ice        0%         N/A       100%        5
 Dispersal                Tloc           0%         N/A       100%        6
 Simulacrum               Ice/Necr       0%         N/A       100%        6
 Starburst                Conj/Fire      0%         6d3       100%        6
 Statue Form              Tmut/Erth      0%         N/A       100%        6
 Malign Gateway           Summ/Tloc      0%         N/A       100%        7
 Lehudib's Crystal Spear  Conj/Erth      0%         10d2      100%        8


Dungeon Overview and Level Annotations

Branches:
Dungeon (15/15)            Temple (1/1) D:6            Lair (6/6) D:11
 Shoals (0/4) Lair:4        Snake (0/4) Lair:4          Orc (2/2) D:11
    Elf (2/3) Orc:2        Vaults (0/5) D:14         Depths (0/4) D:15
  Sewer (visited)          Bailey (visited)         Gauntlet (visited)
  Slime: Lair:5-6

Altars:
Ashenzari
Cheibriados
Dithmenos
Elyvilon
Fedhas
Gozag
Hepliaklqana
Kikubaaqudgha
Makhleb
Nemelex Xobeh
Okawaru
Qazlal
Ru
Sif Muna
Trog
Uskayaw
Vehumet
Wu Jian
Xom
Yredelemnul
Zin
The Shining One

Shops:
D:9 :   D:11 =   D:15 (   Orc:2 (([!:

Annotations:
Lair:2 1 exclusion
Elf:2 1 exclusion


Innate Abilities, Weirdness & Mutations

((You are very nimble when in or above water. (Stealth+, EV+, Speed+++)))
Your lower body shifts to a powerful aquatic tail in water.
You have sharp fingernails.
You are dopey. (Int -2)
You are frail. (-10% HP)
Your spells are a little harder to cast, but a little more powerful.


Message History

The deep elf knight is heavily wounded.
The sentinel's mark upon you fades away.
The deep elf zephyrmancer casts a spell.
The deep elf zephyrmancer blinks!
The deep elf knight barely misses you.
The deep elf knight shoots an arrow.
The arrow barely misses you.
You closely miss the deep elf knight.
The deep elf knight is heavily wounded.
The deep elf knight shoots an arrow.
The arrow hits you but does no damage.
The deep elf knight gestures at you while chanting.
You block the lance of force.
You slice the deep elf knight!!
The deep elf knight is almost dead.
The deep elf knight shoots an arrow.
The arrow hits you.
* * * LOW HITPOINT WARNING * * *
You barely miss the deep elf knight.
The deep elf knight is almost dead.
The deep elf knight hits you with a +0 short sword.
* * * LOW HITPOINT WARNING * * *
The deep elf knight shoots an arrow.
The arrow barely misses you.
You slash the deep elf knight!
You kill the deep elf knight!
The deep elf knight shoots an arrow.
The arrow hits you but does no damage.
The deep elf zephyrmancer casts a spell.
The deep elf zephyrmancer blinks!
Things that are here:
a +0 short sword; a +0 leather armour; an elf corpse The deep elf knight shoots an arrow.
The arrow completely misses you.
The deep elf knight shoots an arrow.
The arrow barely misses you.
The deep elf zephyrmancer gestures wildly while chanting.
The deep elf zephyrmancer blinks!
Items here: ( )) †.
The deep elf zephyrmancer casts a spell.
The deep elf zephyrmancer blinks!
You start resting.
A deep elf zephyrmancer is nearby!
The deep elf knight casts a spell at you.
The shard of ice hits you!!
* * * LOW HITPOINT WARNING * * *
The deep elf knight shoots an arrow.
The arrow hits you!
You die...

###...# #......§.....# #.........
####..###........e...###)........
......##.#.........)#...#........
###.#.##..#........#.....#.......
##.##.##...#).....#.......#......
......###.e)#))..#.........#....#
.####.# ##..)#)e#...........#..#.
## #.# ##..)##)............##.. #
#.# ##...##@............ #..
#####.# #...#..#........... ..#.
...##2# #...#....#........ #....#
.8.<#.##...#......#....... ......
...##.##..#........#.....# ......
#####.##.#..........#...#. ... .
..##.####............###.. ..#.##
#............# . ...##
#............#


You could see a deep elf knight (fast, invisible).

Vanquished Creatures
  Gastronok (D:11)
  A tentacled starspawn (Abyss:3)
  Kirke (Elf:1)
  A fire giant (D:13)
  A deep elf elementalist (Elf:1)
  Azrael (D:12)
  An eleionoma (shapeshifter) (D:15)
  A minotaur (Gauntlet)
  2 dire elephants (Lair:5)
  A deep elf annihilator (Elf:1)
  2 deep elf death magi (Elf:1)
  A deep elf high priest (Elf:1)
  4 vault guards (D:14)
  Josephine (D:11)
  A rakshasa (D:15)
  Harold (Lair:1)
  2 boulder beetles
  A catoblepas (Lair:2)
  7 centaur warriors
  5 hydras
  An ogre mage (D:13)
  A death knight (D:11)
  8 death yaks
  12 two-headed ogres
  19 dancing weapons
  A tengu warrior (D:12)
  Urug (Lair:5)
  3 orc high priests
  3 thrashing horrors (Abyss:3)
  Nergalle (Lair:2)
  A fire crab (Gauntlet)
  Sonja (D:13)
  A sixfirhy (D:11)
  13 deep elf knights
  5 deep elf archers (Elf:1)
  A death drake (shapeshifter) (D:14)
  A glowing orange brain (D:15)
  26 deep elf zephyrmancers
  22 deep elf pyromancers
  A necromancer (D:12)
  A salamander (shapeshifter) (D:14)
  2 manticores
  12 orc knights
  13 elephants
  3 orc sorcerers
  19 ugly things
  7 cyclopes
  8 cane toads
  8 black mambas
  Maurice (Orc:1)
  3 kobold demonologists
  A gargoyle (D:12)
  A torpor snail (Gauntlet)
  4 komodo dragons
  Psyche (D:8)
  2 efreet
  2 rime drakes
  Maggie (D:6)
  A freezing wraith (D:13)
  An ancient zyme (Abyss:3)
  3 tengu conjurers
  3 meliai (D:15)
  5 trolls
  3 hornets
  5 polar bears
  Grinder (D:6)
  A wind drake (Lair:4)
  15 slime creatures
  Prince Ribbit (D:6)
  7 blink frogs
  A blink frog (shapeshifter) (D:13)
  A meliai zombie (D:7)
  5 dream sheep (Lair:4)
  A ynoxinul (Gauntlet)
  Sigmund (D:2)
  11 wraiths
  2 water elementals (Elf:1)
  6 air elementals
  A vampire (D:12)
  4 wyverns
  5 basilisks
  A basilisk (shapeshifter) (D:14)
  3 hogs (Elf:1)
  31 yaks
  A human (shapeshifter) (D:15)
  6 steam dragons
  Grum (D:11)
  4 fire elementals
  12 fire bats
  13 vampire mosquitoes
  3 wargs
  Menkaure (D:5)
  2 acid dragons
  14 water moccasins
  2 nagas (Lair:4)
  A hell hound (D:10)
  A water moccasin (shapeshifter) (D:14)
  33 orc warriors
  4 sky beasts
  A black bear (D:4)
  An ice beast (D:7)
  14 ogres
  23 wolves
  8 centaurs
  A phantom (D:4)
  2 kobold brigands
  Blork the orc (D:6)
  8 bullfrogs
  A gnoll sergeant (D:10)
  3 wyvern zombies
  2 scorpions
  2 earth elementals (Elf:1)
  A water moccasin skeleton (D:5)
  7 howler monkeys
  12 wights
  5 electric eels
  2 lava snakes (D:10)
  A bullfrog zombie (D:7)
  5 centaur zombies
  15 orc priests
  2 hounds
  2 gnoll shamans (D:8)
  2 bullfrog skeletons
  4 iron imps
  2 jellies (Sewer)
  Jessica (D:2)
  Terence (D:3)
  A centaur skeleton (D:6)
  8 orc wizards
  6 hell rats
  3 yak simulacra (D:12)
  A polar bear simulacrum (D:12)
  4 wolf simulacra (D:12)
  Robin (D:2)
  22 gnolls
  3 river rats
  7 adders
  An ufetubus (D:3)
  2 worms
  5 dart slugs
  83 orcs
  12 ball pythons
  13 endoplasms
  8 giant cockroaches
  26 goblins
  10 hobgoblins
  3 jackals (D:4)
  15 kobolds
  5 quokkas
  7 bats
  7 frilled lizards
  9 rats
  3 river rat simulacra (D:12)
  2 fire vortices (D:10)
  3 starspawn tentacles (Abyss:3)
863 creatures vanquished.

Vanquished Creatures (collateral kills)
  Saint Roka (Orc:2)
  Rupert (D:14)
  A deep elf blademaster (Elf:2)
  A deep elf demonologist (Elf:2)
  2 ogre magi (Orc:2)
  A centaur warrior (D:14)
  3 two-headed ogres (Orc:2)
  3 dancing weapons (Elf:2)
  A deep elf knight (Elf:2)
  2 deep trolls (Orc:2)
  7 trolls (Orc:2)
  A vampire mosquito (D:14)
  An orc warrior (Orc:2)
  9 ogres (Orc:2)
  An orc priest (Orc:2)
  An orc wizard (Orc:2)
  8 orcs (Orc:2)
44 creatures vanquished.

Vanquished Creatures (others)
  An ugly thing (D:13)
  A gargoyle (D:14)
  A shadow (D:13)
  A centaur (D:13)
  An orc wizard (D:3)
  A demonic plant (Gauntlet)
  A fire vortex (D:10)
  52 fungi
  72 plants
  6 starspawn tentacles (Abyss:3)
  2 withered plants (Lair:6)
139 creatures vanquished.

Grand Total: 1046 creatures vanquished

Notes
Turn   | Place    | Note
-------+----------+-------------------------------------------
     0 | D:1      | shoop the Merfolk Gladiator began the quest for the Orb.
     0 | D:1      | Reached XP level 1. HP: 16/16 MP: 1/1
    84 | D:1      | Reached XP level 2. HP: 16/23 MP: 2/2
   243 | D:1      | Reached skill level 5 in Polearms
   510 | D:1      | Reached XP level 3. HP: 28/28 MP: 3/3
  1084 | D:2      | Noticed Sigmund
  1143 | D:1      | Reached XP level 4. HP: 34/34 MP: 4/4
  1186 | D:2      | Reached skill level 6 in Polearms
  1494 | D:2      | Noticed Robin
  1507 | D:2      | Killed Robin
  1740 | D:2      | Killed Sigmund
  1741 | D:2      | Reached skill level 7 in Polearms
  1741 | D:2      | Reached skill level 1 in Armour
  1741 | D:2      | Reached skill level 5 in Dodging
  1741 | D:2      | Reached XP level 5. HP: 39/42 MP: 5/5
  1741 | D:2      | Reached XP level 6. HP: 44/48 MP: 6/6
  1787 | D:2      | Noticed Jessica
  1788 | D:2      | Killed Jessica
  2060 | D:3      | Noticed Terence
  2089 | D:3      | Killed Terence
  2286 | D:3      | Reached skill level 8 in Polearms
  2631 | D:3      | Reached XP level 7. HP: 54/54 MP: 7/7
  2886 | D:3      | Gained mutation: You have sharp fingernails. [potion of
                  | mutation]
  2886 | D:3      | Gained mutation: You are frail. (-10% HP) [potion of
                  | mutation]
  2886 | D:3      | Gained mutation: You are dopey. (Int -2) [potion of
                  | mutation]
  2886 | D:3      | Gained mutation: Your spells are a little harder to cast,
                  | but a little more powerful. [potion of mutation]
  3316 | D:4      | Reached skill level 9 in Polearms
  3316 | D:4      | Reached skill level 1 in Evocations
  3747 | D:4      | Found a sparkling altar of Nemelex Xobeh.
  3905 | D:5      | Entered Level 5 of the Dungeon
  3933 | D:5      | Reached skill level 5 in Fighting
  3940 | D:5      | Reached XP level 8. HP: 55/55 MP: 8/8
  4149 | D:5      | Reached skill level 10 in Polearms
  4188 | D:5      | Noticed Menkaure
  4200 | D:5      | Killed Menkaure
  4715 | D:6      | Noticed Blork the orc
  4726 | D:6      | Killed Blork the orc
  4790 | D:6      | Found a broken altar of Ashenzari.
  4790 | D:6      | Noticed Grinder
  4810 | D:6      | Reached skill level 11 in Polearms
  4852 | D:6      | Paralysed by Grinder for 4 turns
  4858 | D:6      | Killed Grinder
  4859 | D:6      | Reached XP level 9. HP: 51/62 MP: 9/9
  4869 | D:6      | Noticed Prince Ribbit
  4877 | D:6      | Killed Prince Ribbit
  4982 | D:6      | Reached skill level 12 in Polearms
  5057 | D:6      | Found a glowing drain.
  5170 | Sewer    | Entered a sewer
  5457 | Sewer    | Found a viscous altar of Jiyva.
  5597 | D:6      | You fall into a shaft and drop 1 floor!
  5728 | D:6      | Found a burning altar of Makhleb.
  5768 | D:6      | Noticed Maggie
  5783 | D:6      | Killed Maggie
  5886 | D:6      | Found a staircase to the Ecumenical Temple.
  5943 | Temple   | Entered the Ecumenical Temple
  6066 | Temple   | Became a worshipper of the Shining One
  6111 | D:6      | Reached skill level 13 in Polearms
  6529 | D:7      | Reached * piety under the Shining One
  6551 | D:7      | Reached XP level 10. HP: 60/71 MP: 10/10
  6552 | D:7      | Reached skill level 14 in Polearms
  6625 | D:7      | Identified the +0 leather armour "Wulonif" {Harm rElec rC-}
  7551 | D:8      | Reached skill level 5 in Armour
  7767 | D:8      | Reached ** piety under the Shining One
  7998 | D:8      | Reached skill level 15 in Polearms
  8176 | D:8      | Noticed Psyche
  8183 | D:8      | Killed Psyche
  8829 | D:9      | Reached skill level 16 in Polearms
  8926 | D:9      | Found a flagged portal.
  9118 | D:9      | Noticed a two-headed ogre
  9128 | D:9      | Killed a two-headed ogre
  9129 | D:9      | Reached skill level 10 in Fighting
  9129 | D:9      | Reached skill level 1 in Invocations
  9131 | D:9      | Found Qon Wumi's Book Emporium.
  9258 | Bailey   | Entered a bailey
  9293 | Bailey   | Reached XP level 11. HP: 81/81 MP: 12/12
  9771 | Bailey   | Noticed an orc knight
  9815 | Bailey   | Killed an orc knight
  9905 | Bailey   | Noticed an orc knight
  9957 | Bailey   | Killed an orc knight
  9958 | Bailey   | Reached skill level 5 in Invocations
 10079 | Bailey   | Noticed an orc knight
 10148 | Bailey   | Killed an orc knight
 10255 | Bailey   | Found an iron altar of Okawaru.
 10856 | D:9      | Found a shimmering blue altar of Sif Muna.
 10941 | D:9      | Found a glowing silver altar of Zin.
 11073 | D:9      | Noticed a green ugly thing
 11085 | D:9      | Killed a green ugly thing
 11119 | D:10     | Entered Level 10 of the Dungeon
 11194 | D:10     | Reached *** piety under the Shining One
 11907 | D:10     | Found a snail-covered altar of Cheibriados.
 12011 | D:10     | Identified the +8 war axe of the Turnip {spect, Int+4}
 12139 | D:11     | Noticed Josephine
 12143 | D:11     | Noticed an eight-headed hydra
 12200 | D:11     | Reached XP level 12. HP: 84/92 MP: 17/17
 12249 | D:11     | Found Furegiuwo's Jewellery Emporium.
 12255 | D:11     | Noticed a two-headed ogre
 12264 | D:11     | Killed a two-headed ogre
 12294 | D:11     | Noticed a death yak
 12295 | D:11     | Noticed a death knight
 12312 | D:11     | HP: 4/92 [??? (1)]
 12728 | D:11     | Reached **** piety under the Shining One
 12748 | D:11     | Found a staircase to the Lair.
 12767 | D:11     | Noticed Grum
 12785 | D:11     | Killed Grum
 12802 | D:11     | Noticed a death yak
 12804 | Lair:1   | Entered Level 1 of the Lair of Beasts
 13284 | Lair:1   | Noticed Harold
 13300 | Lair:1   | Killed Harold
 13816 | Lair:2   | Identified the +11 great sword of an ossuary {protect,
                  | Str+3}
 13993 | Lair:2   | Noticed a catoblepas
 14012 | Lair:2   | Killed a catoblepas
 14079 | Lair:2   | Noticed a seven-headed hydra
 14291 | Lair:2   | Noticed Nergalle
 14308 | Lair:2   | Killed Nergalle
 14309 | Lair:2   | Reached skill level 10 in Invocations
 15071 | Lair:3   | Reached skill level 10 in Dodging
 15266 | Lair:3   | Reached skill level 5 in Evocations
 15266 | Lair:3   | Reached XP level 13. HP: 80/99 MP: 20/20
 15953 | Lair:4   | Found a staircase to the Snake Pit.
 16298 | Lair:4   | Reached skill level 17 in Polearms
 16939 | Lair:3   | Reached skill level 18 in Polearms
 17291 | Lair:4   | Found a staircase to the Shoals.
 17823 | Lair:4   | Reached skill level 19 in Polearms
 18224 | Lair:5   | Noticed Urug
 18280 | Lair:5   | Killed Urug
 18607 | Lair:6   | Entered Level 6 of the Lair of Beasts
 18615 | Lair:6   | Reached skill level 20 in Polearms
 19294 | Lair:6   | Reached XP level 14. HP: 106/108 MP: 21/21
 19594 | Lair:6   | Noticed a dire elephant
 19594 | Lair:6   | Noticed a dire elephant
 19594 | Lair:6   | Noticed a dire elephant
 19637 | Lair:5   | Killed a dire elephant
 19780 | Lair:5   | Killed a dire elephant
 19781 | Lair:5   | Reached skill level 15 in Fighting
 20347 | D:11     | Found a runed translucent door.
 20446 | D:11     | Found a staircase to the Orcish Mines.
 20447 | D:11     | Noticed Gastronok
 21212 | D:11     | Reached ***** piety under the Shining One
 21245 | D:11     | Killed Josephine
 21664 | Orc:1    | Entered Level 1 of the Orcish Mines
 22117 | Orc:2    | Entered Level 2 of the Orcish Mines
 22145 | Orc:2    | Found Jeimoc's Armour Shop.
 22451 | Orc:2    | Found Divvo's Book Emporium.
 22458 | Orc:2    | Found Otout's Distillery.
 22463 | Orc:2    | Found Wyrom's Weapon Boutique.
 22464 | Orc:2    | Found Okhluell's Antique Weapon Emporium.
 22468 | Orc:2    | Found a gate leading to a gauntlet.
 22477 | Gauntlet | Entered a Gauntlet
 22477 | Gauntlet | Found a transporter.
 22477 | Gauntlet | Found a transporter.
 22813 | Gauntlet | Found a transporter.
 22823 | Gauntlet | Found a transporter.
 22838 | Gauntlet | Found a transporter.
 22850 | Gauntlet | Found a transporter.
 22863 | Gauntlet | Found a transporter.
 22869 | Gauntlet | Found a transporter.
 22883 | Gauntlet | Found a transporter.
 22889 | Gauntlet | Found a transporter.
 22892 | Gauntlet | Found a transporter.
 22917 | Gauntlet | Found a transporter.
 23463 | Gauntlet | Reached XP level 15. HP: 98/117 MP: 19/23
 23552 | Gauntlet | Identified the +7 morningstar "Gakoas" {vorpal, Contam
                  | rCorr Int+4 Dex+4}
 23586 | Gauntlet | Found the +5 robe of Night {Dark Will+ SInv}
 23597 | Gauntlet | Got the Guide on the Traveller
 23814 | Orc:2    | Noticed Saint Roka
 23833 | Orc:2    | HP: 5/117 [Saint Roka/divine providence (11)]
 24535 | Orc:2    | Killed Saint Roka
 25013 | Orc:2    | Bought a potion of lignification for 45 gold pieces
 25200 | Orc:2    | Found a staircase to the Elven Halls.
 25219 | Orc:1    | Noticed Maurice
 25229 | Orc:1    | Killed Maurice
 27335 | D:11     | Killed Gastronok
 27548 | D:11     | Acquired the ring "Wykhy" {Fly rC++}
 29273 | D:13     | Noticed Azrael
 29518 | D:12     | Killed Azrael
 30258 | D:13     | Noticed Sonja
 30307 | D:13     | Killed Sonja
 30684 | D:13     | Identified the +6 spear of Wyrd {flame, Int+4 Dex+7}
 30832 | D:13     | Noticed a fire giant
 30882 | D:13     | Killed a fire giant
 31410 | D:13     | Reached XP level 16. HP: 111/126 MP: 22/26
 32539 | D:14     | Noticed Rupert
 32539 | D:14     | Paralysed by Rupert for 4 turns
 32553 | D:14     | Killed Rupert
 32554 | D:14     | Reached skill level 15 in Dodging
 32562 | D:14     | Found a shimmering altar of Xom.
 32886 | D:14     | Cast into level 3 of the Abyss (vault guard)
 32887 | Abyss:3  | Upgraded the game from 0.29-a0-40-g8eb35efe60 to
                  | 0.29-a0-72-g1732ff48e7
 32905 | Abyss:3  | Noticed a tentacled starspawn
 32933 | Abyss:3  | Killed a tentacled starspawn
 33121 | D:14     | Escaped the Abyss
 33349 | D:14     | Found a gate to the Vaults.
 33565 | D:15     | Entered Level 15 of the Dungeon
 34461 | D:15     | Reached ****** piety under the Shining One
 34486 | D:15     | Reached skill level 21 in Polearms
 34657 | D:15     | Found Qeck's Antique Weapon Shop.
 35011 | D:15     | Found a staircase to the Depths.
 35216 | Elf:1    | Entered Level 1 of the Elven Halls
 36037 | Elf:1    | Noticed Kirke
 36212 | Elf:1    | Reached skill level 22 in Polearms
 36473 | Elf:1    | Reached XP level 17. HP: 137/137 MP: 27/27
 36924 | Elf:1    | Noticed a sphinx
 36924 | Elf:1    | Killed Kirke
 37004 | Elf:1    | Paralysed by an air elemental for 1 turns
 37042 | Elf:1    | Paralysed by an air elemental for 1 turns
 37992 | Elf:1    | Reached skill level 23 in Polearms
 39184 | Elf:2    | Found a runed translucent gate.
 39185 | Elf:2    | Found a runed translucent gate.
 39187 | Elf:2    | Found a runed translucent gate.
 40265 | Elf:2    | Reached skill level 24 in Polearms
 40342 | Elf:2    | Noticed a deep elf blademaster
 40355 | Elf:2    | Killed a deep elf blademaster
 40434 | Elf:2    | HP: 2/139 [deep elf knight/shard of ice (23)]
 40434 | Elf:2    | Shot with an arrow by a deep elf knight

Illustrated notes

Levels and vault maps discovered:
D:1:      heliophobic_arrival_henge, layout_loops_ring, st_stairs_2,
          minmay_misc_feat_five, kennysheep_decorative_pillar, chequers_garden
D:2:      layout_loops_ring, nicolae_elevator_lobby_plus, uniq_sigmund,
          uniq_robin, uniq_jessica
D:3:      layout_basic, chequers_serial_rivers_micro_e, minmay_starry_boxes,
          uniq_terence
D:4:      layout_rooms, marbit_many_paths
D:5:      layout_loops_ring, uniq_menkaure
D:6:      layout_loops_ring, mainiacjoe_overflow_boulevard,
          mainiacjoe_overflow_paths, minmay_temple_entry_antechambers,
          portal_sewer_entry_e, minmay_misc_feat_rugged, grunt_ministairs_6,
          serial_park_tiny_1, minmay_misc_feat_tower, uniq_maggie,
          uniq_blork_the_orc, uniq_grinder, uniq_prince_ribbit1
D:7:      layout_loops_ring
D:8:      layout_basic, special_room [special_room_orc],
          hangedman_decor_peaks_small, minmay_between, uniq_psyche
D:9:      layout_stronghold, nicolae_sif_muna_little_library,
          mainiacjoe_overflow_alcove_2, serial_shops, shop, enter_bailey_7,
          chequers_serial_rivers_marsh, kennysheep_generic_room_16
D:10:     layout_roguey, chei_slow_surprise, hangedman_incinerator
D:11:     cheibrodos_shockbox, layout_long_grid, dpeg_lair_monsters,
          david_orc_3, serial_shops, nicolae_shop_hallway_plus,
          hangedman_misty_isle, uniq_grum, uniq_gastronok, uniq_josephine
D:12:     layout_basic, eino_house_with_fridge
D:13:     nzn_winding_woodlands_medium [nzn_winding_woodlands_5x5_perimeter,
          nzn_winding_woodlands_5x15_pathside_ponds,
          nzn_winding_woodlands_5x5_default, nzn_winding_woodlands_5x5_cross,
          nzn_winding_woodlands_center_pierced_h,
          nzn_winding_woodlands_hourglass,
          nzn_winding_woodlands_5x5_checkerboard,
          nzn_winding_woodlands_5x15_cabin, nzn_winding_woodlands_5x5_default],
          layout_loops_ring, minmay_microvault, uniq_sonja, uniq_azrael
D:14:     layout_cave_pods, lightli_vaults_fourway_checkpoint, xom_teletrap_fun,
          uniq_rupert
D:15:     gammafunk_enter_depths_forms, layout_loops_ring, serial_shops,
          nicolae_lakefront_shop, minmay_misc_feat_hallway
Temple:   nicolae_temple_elliptical
Lair:1:   layout_roguey, lemuel_fruit_fields, uniq_harold
Lair:2:   layout_cave_pods, uniq_nergalle
Lair:3:   layout_gridlike
Lair:4:   layout_loops_ring, minmay_shoals_entry_beasts,
          guppyfry_snake_entry_garden
Lair:5:   layout_gridlike, uniq_urug
Lair:6:   due_jungle_book, layout_long_grid, dpeg_slime_entry_enclosed_altar,
          infiniplex_staircase_pool
Orc:1:    layout_caves, special_room [special_room_orc], uniq_maurice
Orc:2:    st_orc_open, layout_caves, serial_shops, shop, gauntlet_entry_generic,
          uniq_saint_roka
Elf:1:    nicolae_elf_arrival_no_cutting_in_line, layout_loops_corners,
          minivault_28, grunt_ministairs_3, uniq_kirke
Elf:2:    nicolae_elf_blades_splatter_lattice
          [nicolae_blade_entry_floor_patterns], layout_rooms, grunt_ministairs_5

Skill      XL: |  1  2  3  4  5  6  7  8  9 10 11 12 13 14 15 16 17 |
---------------+----------------------------------------------------+-----
Polearms       | 5 7 8 9 11 13 16 20 22 24 | 24.9
Fighting       | 3 4 5 6 7 10 12 13 14 16 17 19 20 | 20.0
Armour         | 1 2 3 4 5 |  5.0
Dodging        | 5 10 12 14 15 | 15.0
Evocations     | 1 3 5 6 |  6.0
Invocations    | 2 7 10 11 13 14 | 14.0
Throwing       | |  2.0

Action                   |  1- 3 |  4- 6 |  7- 9 | 10-12 | 13-15 | 16-18 || total
-------------------------+-------+-------+-------+-------+-------+-------++-------
Melee: Trident           |   101 |     4 |       |     1 |       |       ||   106
       Punch             |     1 |       |       |     3 |     1 |       ||     5
       Halberd           |       |   165 |   437 |   511 |       |       ||  1113
       War axe           |       |       |       |   130 |    36 |       ||   166
       Tailslap          |       |       |       |     7 |    10 |       ||    17
       Glaive            |       |       |       |       |  1085 |   837 ||  1922
Throw: Dart              |       |       |     2 |     5 |       |       ||     7
       Throwing net      |       |       |     1 |       |       |       ||     1
Invok: Divine Shield     |       |       |       |     1 |     4 |     1 ||     6
       Cleansing Flame   |       |       |       |     1 |     2 |     1 ||     4
       Summon Divine War |       |       |       |       |     4 |     3 ||     7
Evoke: Wand              |       |       |       |     5 |     4 |       ||     9
  Use: Potion            |       |       |     5 |     2 |     3 |     2 ||    12
       Scroll            |       |       |       |    11 |    15 |     5 ||    31
 Stab: Distracted        |     1 |       |       |       |       |       ||     1
       Sleeping          |     1 |     1 |     1 |       |       |       ||     3
Armor: Leather armour    |    16 |     4 |       |       |       |       ||    20
       Chain mail        |       |    82 |   220 |   288 |   703 |   288 ||  1581
       Skin              |       |       |       |       |     2 |       ||     2
Dodge: Dodged            |    47 |    57 |   110 |   139 |   546 |   268 ||  1167
Block: Other             |       |       |       |     3 |    47 |     6 ||    56

Table legend: (Time is in decaauts)
 A = Elapsed time spent in this place.
 B = Non-inter-level travel time spent in this place.
 C = Inter-level travel time spent in this place.
 D = Time resting spent in this place.
 E = Time spent auto-exploring this place.
 F = Levels seen in this place.
 G = Mean time per level.
                   A        B        C        D        E       F      G
               +--------+--------+--------+--------+--------+-----+--------+
         Total |  39727 |  37724 |   2003 |   7718 |  21595 |  30 | 1324.2 |
       Dungeon |  20144 |  19005 |   1139 |   2332 |  12432 |  15 | 1342.9 |
        Temple |    152 |    123 |     29 |      0 |     97 |   1 |  152.0 |
          Lair |   7418 |   6956 |    462 |   1439 |   4002 |   6 | 1236.3 |
  Orcish Mines |   4467 |   4307 |    160 |   2555 |   1105 |   2 | 2233.5 |
   Elven Halls |   4741 |   4529 |    212 |    647 |   2940 |   2 | 2370.5 |
         Abyss |    229 |    229 |      0 |      0 |    184 |   1 |  229.0 |
         Sewer |    309 |    309 |      0 |      0 |    196 |   1 |  309.0 |
        Bailey |    968 |    968 |      0 |    346 |    170 |   1 |  968.0 |
      Gauntlet |   1295 |   1295 |      0 |    398 |    468 |   1 | 1295.0 |
               +--------+--------+--------+--------+--------+-----+--------+

Top non-repeatable levels by time:
   Orc:2: 2852 daAuts
   Elf:1: 2486 daAuts
    D:13: 2290 daAuts
   Elf:2: 2255 daAuts
    D:11: 2110 daAuts
    D:10: 1933 daAuts
  Lair:5: 1660 daAuts
   Orc:1: 1614 daAuts
  Lair:3: 1559 daAuts
    D:14: 1519 daAuts
     D:2: 1503 daAuts
  Lair:4: 1485 daAuts
    D:15: 1442 daAuts
    D:12: 1396 daAuts
     D:9: 1323 daAuts
